 Dungeon Crawl Stone Soup version 0.28-a0-991-g956f0ee3d5 (webtiles) character file.

Game seed: 9082360741135384000

205 Jinxx the Digger (level 5, -6/37 HPs)
             Began as a Vampire Earth Elementalist on Dec 5, 2021.
             Mangled by an orc warrior (15 damage)
             ... on level 3 of the Dungeon.
             The game lasted 00:12:54 (2816 turns).

Jinxx the Digger (Vampire Earth Elementalist)       Turns: 2816, Time: 00:12:55

Health: -6/37      AC:  2    Str:  7    XL:     5   Next: 52%
Magic:  4/9        EV: 13    Int: 20    God:
Gold:   106        SH:  0    Dex: 14    Spells: 4/10 levels left

rFire   + . .      SeeInvis +   q - +3 dagger (elec)
rCold   x . .      Faith    .   (no shield)
rNeg    . . .      Spirit   .   b - +0 robe
rPois   +          Reflect  .   (no helmet)
rElec   .          Harm     .   (no cloak)
rCorr   .          Rampage  .   (no gloves)
Will    .....                   (no boots)
Stlth   ++........              (no amulet)
HPRegen 0.32/turn               f - ring of fire
MPRegen 0.11/turn               a - ring of poison resistance

@: healing quickly
A: alive, fangs 3, see invisible, vampiric 2
a: Exsanguinate


You were on level 3 of the Dungeon.
You visited 1 branch of the dungeon, and saw 4 of its levels.

You collected 106 gold pieces.

Inventory:

Hand Weapons
 q - a +3 dagger of electrocution (weapon)
Missiles
 c - 31 stones
 m - 17 poisoned darts
Armour
 b - a +0 robe (worn)
Jewellery
 a - a ring of poison resistance (right hand)
 f - a ring of fire (left hand)
Scrolls
 d - 2 scrolls of enchant armour {unknown}
 g - a scroll of magic mapping {unknown}
 h - 4 scrolls of identify {unknown}
 i - a scroll of enchant weapon {unknown}
 j - a scroll of fear {unknown}
 k - a scroll of blinking {unknown}
 n - a scroll of teleportation {unknown}
 p - a scroll of fog {unknown}
Potions
 e - a potion of flight {unknown}
 l - a potion of brilliance {unknown}
 o - a potion of mutation {unknown}


   Skills:
 + Level 1.2 Fighting
 + Level 0.5 Short Blades
 + Level 1.1 Throwing
 + Level 3.0 Dodging
 + Level 3.8 Stealth
 * Level 3.1 Spellcasting
 + Level 2.1 Transmutations
 * Level 3.9 Earth Magic


You had 4 spell levels left.
You knew the following spells:

 Your Spells              Type           Power      Damage    Failure   Level
a - Sandblast             Erth           36%        2d10      2%          1
b - Passwall              Tmut/Erth      12%        N/A       6%          2
c - Stone Arrow           Conj/Erth      20%        3d8       19%         3

Your spell library contained the following spells:

 Spells                   Type           Power      Damage    Failure   Level
 Freeze                   Ice            12%        1d4       14%         1
 Call Canine Familiar     Summ           3%         N/A       38%         3
 Frozen Ramparts          Ice            6%         1d2       38%         3
 Portal Projectile        Hex/Tloc       6%         N/A       38%         3
 Petrify                  Tmut/Erth      15%        N/A       38%         4
 Leda's Liquefaction      Hex/Erth       5%         N/A       54%         4
 Hailstorm                Conj/Ice       3%         3d3       80%         4


Dungeon Overview and Level Annotations

Branches:
Dungeon (4/15)
 Temple: D:4-7

Altars:
Nemelex Xobeh
Ru
Zin

Shops:
D:1 [   D:2 =


Innate Abilities, Weirdness & Mutations

Your natural rate of healing is accelerated.
You have razor-sharp teeth.
You have supernaturally acute eyesight. (SInv)
You are afflicted with vampirism and can become a bat while bloodless.


Message History

The orc warrior closely misses you. A mysterious force pulls you upwards.
The hatch slams shut behind you.
Aiming: Sandblast (safe; 2% risk of failure)
Press: ? - help, Q - select action, (/) - cycle Shift-Dir - straight line, f - orc warrior
Aim: an orc warrior, wielding a +0 dire flail and wearing a +0 plate armour (79% to hit)
The blast of sand hits the orc warrior but does no damage.
The orc warrior hits you with a +0 dire flail!
* * * LOW HITPOINT WARNING * * *
Aiming: Sandblast (safe; 2% risk of failure)
Press: ? - help, Q - select action, (/) - cycle Shift-Dir - straight line, f/p - orc warrior
Aim: an orc warrior, wielding a +0 dire flail and wearing a +0 plate armour (79% to hit)
The blast of sand hits the orc warrior!
The orc warrior is moderately wounded.
The orc warrior hits you with a +0 dire flail.
* * * LOW HITPOINT WARNING * * *
Unknown command.
There is an open door here.
Aiming: Sandblast (safe; 2% risk of failure)
Press: ? - help, Q - select action, (/) - cycle Shift-Dir - straight line, f/p - orc warrior
Aim: an orc warrior, wielding a +0 dire flail and wearing a +0 plate armour (moderately wounded, 79% to hit)
The blast of sand hits the orc warrior but does no damage.
The orc warrior is moderately wounded.
The orc warrior misses you.
Aiming: Sandblast (safe; 2% risk of failure)
Press: ? - help, Q - select action, (/) - cycle Shift-Dir - straight line, f/p - orc warrior
Aim: an orc warrior, wielding a +0 dire flail and wearing a +0 plate armour (moderately wounded, 79% to hit)
The blast of sand hits the orc warrior.
The orc warrior is moderately wounded.
The orc warrior hits you with a +0 dire flail.
* * * LOW HITPOINT WARNING * * *
Unknown command.
Okay, then.
Items here: ( )) [ ÷÷.
Aiming: Sandblast (safe; 2% risk of failure)
Press: ? - help, Q - select action, (/) - cycle Shift-Dir - straight line, f/p - orc warrior
Aim: an orc warrior, wielding a +0 dire flail and wearing a +0 plate armour (moderately wounded, 79% to hit)
The blast of sand hits the orc warrior.
The orc warrior is moderately wounded.
The orc warrior hits you with a +0 dire flail!
You die...

..###...# #..#
###.....# ##.#### #
#.....# ##....## #
#.....# ##......## #
#....## #........# #
#....#####........# #
#........#........#
###.).)###.#....o...#
.....†..##.##...@..##
#######.....##..).##
#####..####.#
##......# ########


You could see an orc warrior.

Vanquished Creatures
  A centaur skeleton (D:3)
  2 gnolls (D:2)
  6 adders
  3 worms (D:3)
  2 dart slugs (D:2)
  An orc (D:3)
  4 endoplasms
  13 giant cockroaches
  6 goblins
  5 hobgoblins
  12 jackals
  5 kobolds
  3 quokkas
  3 ball pythons
  9 bats
  A frilled lizard (D:2)
  3 rats
79 creatures vanquished.

Vanquished Creatures (others)
  A plant (D:4)
1 creature vanquished.

Grand Total: 80 creatures vanquished

Notes
Turn   | Place    | Note
-------+----------+-------------------------------------------
     0 | D:1      | Jinxx the Vampire Earth Elementalist began the quest for
                  | the Orb.
     0 | D:1      | Reached XP level 1. HP: 13/13 MP: 3/3
   189 | D:1      | Reached XP level 2. HP: 16/19 MP: 5/5
   204 | D:1      | Learned a level 2 spell: Passwall
   656 | D:1      | Found Geokits's Antique Armour Shop.
   870 | D:2      | Gained mutation: You are afflicted with vampirism and can
                  | become a bat while bloodless. [Vampire growth]
   870 | D:2      | Reached XP level 3. HP: 25/25 MP: 3/6
  1056 | D:2      | Learned a level 3 spell: Stone Arrow
  1063 | D:2      | Found a sparkling altar of Nemelex Xobeh.
  1193 | D:2      | Found a faded altar of an unknown god.
  1476 | D:2      | Reached XP level 4. HP: 31/31 MP: 6/8
  1513 | D:2      | Found Yptyuh's Jewellery Emporium.
  2044 | D:3      | Found a sacrificial altar of Ru.
  2233 | D:3      | Reached skill level 1 in Fighting
  2359 | D:3      | Reached skill level 1 in Throwing
  2361 | D:3      | Reached XP level 5. HP: 37/37 MP: 7/9
  2762 | D:4      | Noticed an orc warrior
  2785 | D:3      | HP: 1/37 [orc warrior (3)]
  2816 | D:3      | Mangled by an orc warrior

Illustrated notes

Levels and vault maps discovered:
D:1:      mrwooster_arrival_arrow, layout_loops_ring, serial_shops,
          nicolae_shop_competitors_out_of_business
D:2:      minmay_general_purpose_star, layout_basic,
          hellmonk_ecumenical_altar_inner_sanctum, serial_shops, shop,
          basic_altar
D:3:      minmay_roachtagon, layout_basic, mainiacjoe_overflow_large_starburst
D:4:      layout_loops_ring, serial_bayou, serial_bayou_pond_b,
          serial_bayou_lake_a, serial_bayou_pond_a, serial_bayou_pond_a,
          sigmund_army, uniq_natasha

Skill      XL: |  1  2  3  4  5 |
---------------+----------------+-----
Spellcasting   | 3 |  3.1
Fighting       | 1 |  1.2
Throwing       | 1 |  1.1
Transmutations | 2 |  2.1
Dodging        | 3 |  3.0
Short Blades   | |  0.5
Stealth        | |  3.8
Earth Magic    | |  3.9

Action                   |  1- 3 |  4- 6 || total
-------------------------+-------+-------++-------
Melee: Dagger            |    90 |   115 ||   205
       Bite              |     6 |     6 ||    12
       Whip              |     1 |       ||     1
Throw: Dart              |       |     1 ||     1
 Cast: Sandblast         |    23 |    37 ||    60
 Abil: Exsanguinate      |     1 |       ||     1
 Stab: Sleeping          |     8 |       ||     8
Armor: Robe              |    21 |    40 ||    61
Dodge: Dodged            |    76 |   114 ||   190

Table legend: (Time is in decaauts)
 A = Elapsed time spent in this place.
 B = Non-inter-level travel time spent in this place.
 C = Inter-level travel time spent in this place.
 D = Time resting spent in this place.
 E = Time spent auto-exploring this place.
 F = Levels seen in this place.
 G = Mean time per level.
                   A        B        C        D        E       F      G
               +--------+--------+--------+--------+--------+-----+--------+
         Total |   2814 |   2814 |      0 |    371 |   1524 |   4 |  703.5 |
       Dungeon |   2814 |   2814 |      0 |    371 |   1524 |   4 |  703.5 |
               +--------+--------+--------+--------+--------+-----+--------+

Top non-repeatable levels by time:
     D:1: 1000 daAuts
     D:2: 950 daAuts
     D:3: 837 daAuts
     D:4: 25 daAuts
